 Dungeon Crawl Stone Soup version 0.26-a0-1107-g6118521029 (webtiles) character file.

Game seed: 11750167917575119267

11472 stormannn the Spear-Bearer (level 11, -6/59 HPs)
             Began as a Vine Stalker Fighter on Dec 16, 2020.
             Was a High Priest of Okawaru.
             Mangled by a stone giant (8 damage)
             ... on level 11 of the Dungeon.
             The game lasted 00:22:59 (10798 turns).

stormannn the Spear-Bearer (Vine Stalker Fighter)  Turns: 10798, Time: 00:22:59

Health: -6/59      AC: 17    Str: 22    XL:     11   Next: 78%
Magic:  0/16       EV:  5    Int:  8    God:    Okawaru [*****.]
Gold:   838        SH: 16    Dex: 14    Spells: 10/10 levels left

rFire    + . .     SeeInvis .   t - +3 dagger (elec)
rCold    . . .     Faith    .   c - +0 kite shield
rNeg     + + .     Spirit   +   w - +0 plate armour
rPois    .         Reflect  +   i - +2 hat
rElec    .         Harm     .   k - +1 cloak
rCorr    .         Rampage  .   (no gloves)
Will     ++...                  (no boots)
Stlth    ..........             b - amulet of Juke Jabb {Reflect rN++ SH+5}
HPRegen  0.59/turn              r - ring of protection from fire
MPRegen  0.15/turn              s - ring of willpower

@: no status effects
A: fangs 3, regeneration 1, magic shield, antimagic bite, no potion heal 3
a: Heroism, Finesse, Renounce Religion


You were on level 11 of the Dungeon.
You worshipped Okawaru.
Okawaru was extremely pleased with you.
You visited 2 branches of the dungeon, and saw 12 of its levels.
You also visited: Ossuary and Gauntlet.

You collected 838 gold pieces.

Inventory:

Hand Weapons
 a - a +0 vorpal trident
 t - a +3 dagger of electrocution (weapon)
 C - a +2 whip of electrocution
 F - a +3 quarterstaff of chaos
Armour
 c - a +0 kite shield (worn)
 i - a +2 hat (worn)
 k - a +1 cloak (worn)
 w - a +0 plate armour (worn)
Jewellery
 b - the amulet of Juke Jabb (around neck) {Reflect rN++ SH+5}
   (You acquired it on level 9 of the Dungeon)

   [amulet of reflection]

   It shields you and reflects attacks.
   It greatly protects you from negative energy.
   It affects your SH (+5).
 g - a cursed -4 ring of strength {unknown}
 r - a ring of protection from fire (left hand)
 s - a ring of willpower (right hand)
 x - a +6 ring of dexterity {unknown}
 D - a +6 ring of dexterity {unknown}
 H - an uncursed amulet of guardian spirit {unknown}
Wands
 y - a wand of acid (8)
 I - a wand of random effects (23)
 M - a wand of polymorph (9)
 Q - a wand of digging (3)
 R - a wand of enslavement (4)
Scrolls
 j - 4 scrolls of identify
 l - 7 scrolls of remove curse {unknown}
 m - 4 scrolls of enchant weapon
 n - 3 scrolls of teleportation
 o - 2 scrolls of magic mapping
 q - 3 scrolls of enchant armour
 u - 2 scrolls of noise
 O - a scroll of blinking
Potions
 d - 3 potions of might
 e - 3 potions of attraction
 f - 2 potions of lignification
 h - 2 potions of flight
 p - 7 potions of heal wounds
 v - 2 potions of cancellation
 z - a potion of brilliance
 A - 12 potions of curing
 B - 3 potions of degeneration
 E - a potion of berserk rage
 G - a potion of ambrosia
 J - 5 potions of mutation
 L - a potion of haste
 N - a potion of resistance


   Skills:
 + Level 7.7 Fighting
 * Level 10.4 Polearms
 + Level 7.0 Armour
 + Level 7.7 Shields
 + Level 5.4 Invocations


You had 10 spell levels left.
You didn't know any spells.
Your spell library contained the following spells:

 Spells                   Type           Power        Failure   Level
 Beastly Appendage        Tmut           #.....       100%        1
 Corona                   Hex            #......      100%        1
 Freeze                   Ice            #...         100%        1
 Magic Dart               Conj           #...         100%        1
 Blink                    Tloc           N/A          100%        2
 Call Imp                 Summ           #.......     100%        2
 Slow                     Hex            #.......     100%        2
 Wereblood                Tmut           #.......     100%        2
 Confusing Touch          Hex            #.......     100%        3
 Conjure Flame            Conj/Fire      #.......     100%        3
 Frozen Ramparts          Ice            #.....       100%        3
 Gell's Gravitas          Tloc           #.........   100%        3
 Inner Flame              Hex/Fire       #.......     100%        3
 Mephitic Cloud           Conj/Pois/Air  #.......     100%        3
 Ozocubu's Armour         Ice            #.......     100%        3
 Portal Projectile        Hex/Tloc       #.....       100%        3
 Spider Form              Tmut/Pois      #.........   100%        3
 Cause Fear               Hex            #.........   100%        4
 Hailstorm                Conj/Ice       #.......     100%        4
 Ice Form                 Ice/Tmut       #.......     100%        4
 Leda's Liquefaction      Hex/Erth       #.........   100%        4
 Petrify                  Tmut/Erth      #.......     100%        4
 Summon Ice Beast         Ice/Summ       #.......     100%        4
 Blade Hands              Tmut           #.........   100%        5
 Metabolic Englaciation   Hex/Ice        #.........   100%        5
 Yara's Violent Unravell  Hex/Tmut       #.........   100%        5


Dungeon Overview and Level Annotations

Branches:
Dungeon (11/15)            Temple (0/1) D:4            Lair (0/6) D:8
    Orc (1/2) D:11        Ossuary (visited)         Gauntlet (visited)

Altars:
Cheibriados
Dithmenos
Elyvilon
Gozag
Kikubaaqudgha
Makhleb
Okawaru
Qazlal
Ru
Trog
Zin
The Shining One

Shops:
D:7 (   D:11 =

Annotations:
D:11 3 runed translucent doors, belegose's ghost, journeyman DrCj; robertstho's ghost, journeyman HOFi


Innate Abilities, Weirdness & Mutations

You have razor-sharp teeth.
Your natural rate of healing is unusually fast.
When hurt, damage is shared between your health and your magic reserves.
Your bite disrupts and absorbs the magic of your enemies.
Potions cannot restore your health.


Message History

You are too injured to fight recklessly!
You are too injured to fight recklessly!
You are too injured to fight recklessly!
You hit the stone giant but do no damage.
You bite the stone giant! You drain its power.
You feel invigorated.
The stone giant is severely wounded.
The stone giant hits you.
* * * LOW HITPOINT WARNING * * *
You hit the stone giant but do no damage.
The stone giant is severely wounded.
The stone giant barely misses you.
You hit the stone giant but do no damage.
Lightning courses through the stone giant!!
The stone giant is almost dead.
The stone giant hits you!!
* * * LOW HITPOINT WARNING * * *
You hit the stone giant but do no damage.
The stone giant is almost dead.
The stone giant hits you!
You die...

#.[....#######))# ## #
###.##.# #.## #.##.##
##[## #.#...# #[[.#
#.#.8.# #)8.# #.#...##
##...# ######
#.##.#'###'#.## #.....
#.##.##...##.# #.....
#.##.##.@.##.# #.....
#.##.##.C.##.# #.....
#.##.#[###'#.#######.....
#.#...#####...#..))......
#...8.......8.'.####.....
#.#...#####...#.# ###'##
#.##.## ##.##.# #.#
#....# #....# #.# ######
###### #.##


You could see a stone giant.

Vanquished Creatures
  Gastronok (D:10)
  A two-headed ogre (D:9)
  An ugly thing (D:11)
  A gargoyle (D:10)
  A polar bear (D:11)
  2 trolls
  Grinder (D:5)
  A wyvern (D:9)
  11 yaks
  4 fire bats (D:11)
  Grum (D:10)
  A vampire (D:10)
  Menkaure (D:6)
  Duvessa (D:4)
  An acid dragon (D:11)
  A hell hound (D:11)
  An orc warrior (D:11)
  2 ice beasts
  3 sky beasts
  2 ogres
  A black bear (D:9)
  3 necrophages
  6 wolves
  2 phantoms (D:5)
  A centaur (D:10)
  An elf zombie (Ossuary)
  A big kobold (D:10)
  5 bullfrogs
  Dowan (D:4)
  2 scorpions
  A water moccasin skeleton (D:11)
  8 killer bees
  A bullfrog zombie (D:3)
  2 howler monkeys
  2 jellies
  2 centaur zombies
  A quasit (D:11)
  A hound (D:10)
  Crazy Yiuf (D:5)
  A human zombie (Ossuary)
  5 orc priests
  9 orc wizards
  A centaur skeleton (D:6)
  An iguana (D:10)
  Natasha (twice) (D:2)
  9 worker ants
  2 big kobold zombies (Ossuary)
  3 centaur simulacra (D:11)
  A hound skeleton (D:2)
  2 mummies (Ossuary)
  2 gnolls
  9 adders
  A shadow imp (D:5)
  A white imp (D:5)
  4 ufetubi
  2 adder skeletons
  2 worms
  2 dart slugs
  5 leopard geckos
  46 orcs
  5 giant cockroaches
  9 goblins
  13 hobgoblins
  12 jackals
  13 kobolds
  2 quokkas
  4 ball pythons
  A ball python skeleton (D:4)
  8 bats
  4 frilled lizards
  8 hobgoblin zombies (Ossuary)
  A jackal skeleton (D:4)
  A jackal zombie (Ossuary)
  14 kobold zombies (Ossuary)
  A leopard gecko skeleton (D:4)
  3 orc zombies (Ossuary)
  A quokka skeleton (D:4)
  4 rats
  5 rat zombies (Ossuary)
299 creatures vanquished.

Vanquished Creatures (others)
  2 fire vortices (D:11)
  15 plants
17 creatures vanquished.

Grand Total: 316 creatures vanquished

Notes
Turn   | Place    | Note
-------+----------+-------------------------------------------
     0 | D:1      | stormannn the Vine Stalker Fighter began the quest for the
                  | Orb.
     0 | D:1      | Reached XP level 1. HP: 11/11 MP: 2/2
    49 | D:1      | Reached skill level 2 in Polearms
   106 | D:1      | Reached XP level 2. HP: 13/16 MP: 1/3
   222 | D:1      | Reached XP level 3. HP: 13/19 MP: 4/4
  1043 | D:2      | Found an iron altar of Okawaru.
  1080 | D:2      | Gained mutation: Your natural rate of healing is unusually
                  | fast. [Vine Stalker growth]
  1080 | D:2      | Reached XP level 4. HP: 19/24 MP: 3/5
  1105 | D:2      | Became a worshipper of Warmaster Okawaru
  1339 | D:2      | Reached skill level 3 in Polearms
  1568 | D:2      | Noticed Natasha
  1579 | D:2      | Killed Natasha
  1580 | D:2      | Reached XP level 5. HP: 27/28 MP: 4/6
  1869 | D:2      | Found a bloodstained altar of Trog.
  1887 | D:2      | Noticed Natasha
  1892 | D:2      | Killed Natasha
  2038 | D:3      | Reached * piety under Okawaru
  2039 | D:3      | Reached XP level 6. HP: 31/32 MP: 7/7
  2071 | D:3      | Reached skill level 4 in Polearms
  2657 | D:4      | Found a staircase to the Ecumenical Temple.
  2896 | D:4      | Reached XP level 7. HP: 37/37 MP: 6/8
  2950 | D:4      | Found a sand-covered staircase.
  2965 | D:4      | Reached ** piety under Okawaru
  2968 | Ossuary  | Entered an ossuary
  3251 | Ossuary  | Reached skill level 5 in Polearms
  3425 | D:4      | Noticed Duvessa
  3425 | D:4      | Noticed Dowan
  3446 | D:4      | Killed Duvessa
  3447 | D:4      | Gained mutation: You have razor-sharp teeth. [Vine Stalker
                  | growth]
  3447 | D:4      | Reached XP level 8. HP: 18/42 MP: 5/9
  3448 | D:4      | Killed Dowan
  3728 | D:5      | Entered Level 5 of the Dungeon
  3880 | D:5      | Found a shadowy altar of Dithmenos.
  3927 | D:5      | Reached skill level 6 in Polearms
  4024 | D:5      | Reached *** piety under Okawaru
  4152 | D:5      | Noticed Grinder
  4160 | D:5      | Killed Grinder
  4161 | D:5      | Reached skill level 5 in Fighting
  4161 | D:5      | Reached skill level 5 in Shields
  4281 | D:5      | Found a runed translucent door.
  4282 | D:5      | Noticed Crazy Yiuf
  4493 | D:5      | Found a burning altar of Makhleb.
  4577 | D:5      | Killed Crazy Yiuf
  5368 | D:6      | Found an ancient bone altar of Kikubaaqudgha.
  5395 | D:6      | Noticed Menkaure
  5399 | D:6      | Killed Menkaure
  5400 | D:6      | Reached XP level 9. HP: 34/47 MP: 7/10
  5810 | D:7      | Found Comein's Antique Weapon Emporium.
  5869 | D:7      | Found an opulent altar of Gozag.
  5984 | D:7      | Found a white marble altar of Elyvilon.
  6148 | D:7      | Noticed a troll
  6164 | D:7      | Killed a troll
  6165 | D:7      | Reached skill level 7 in Polearms
  6165 | D:7      | Reached skill level 5 in Armour
  6306 | D:7      | Found a glowing silver altar of Zin.
  6306 | D:7      | Found an opulent altar of Gozag.
  6856 | D:8      | Found a staircase to the Lair.
  6944 | D:8      | Reached **** piety under Okawaru
  7265 | D:9      | Found a stormy altar of Qazlal.
  7268 | D:9      | Found a snail-covered altar of Cheibriados.
  7271 | D:9      | Found a sacrificial altar of Ru.
  7274 | D:9      | Found a glowing golden altar of the Shining One.
  7430 | D:9      | Reached skill level 1 in Invocations
  7615 | D:9      | Noticed a two-headed ogre
  7845 | D:9      | Killed a two-headed ogre
  7845 | D:9      | Reached ***** piety under Okawaru
  7845 | D:9      | Received a gift from Okawaru
  7846 | D:9      | Reached skill level 8 in Polearms
  7846 | D:9      | Reached XP level 10. HP: 22/53 MP: 6/12
  8174 | D:9      | Identified a scroll of acquirement
  8174 | D:9      | Acquired the amulet of Juke Jabb {Reflect rN++ SH+5}
  8203 | D:10     | Entered Level 10 of the Dungeon
  8248 | D:10     | Noticed Grum
  8280 | D:10     | Killed Grum
  8432 | D:10     | Noticed a gargoyle
  8450 | D:10     | Killed a gargoyle
  8468 | D:10     | Noticed a cyan ugly thing
  8507 | D:10     | Noticed Gastronok
  8565 | D:10     | Killed Gastronok
  8566 | D:10     | Reached skill level 9 in Polearms
  8566 | D:10     | Reached XP level 11. HP: 18/58 MP: 13/15
  9112 | D:11     | Found a gate leading to a gauntlet.
  9114 | D:11     | Found Tuanulox's Jewellery Shoppe.
  9306 | Gauntlet | Entered a Gauntlet
  9306 | Gauntlet | Found a transporter.
  9306 | Gauntlet | Found a transporter.
  9306 | Gauntlet | Found a large runed translucent door.
  9306 | Gauntlet | Found a large runed translucent door.
  9306 | Gauntlet | Found a large runed translucent door.
  9306 | Gauntlet | Found a large runed translucent door.
  9306 | Gauntlet | Found a large runed translucent door.
  9306 | Gauntlet | Found a large runed translucent door.
  9306 | Gauntlet | Found a runed translucent door.
  9306 | Gauntlet | Found a runed translucent door.
  9306 | Gauntlet | Found a large runed translucent door.
  9306 | Gauntlet | Found a large runed translucent door.
  9306 | Gauntlet | Found a large runed translucent door.
  9306 | Gauntlet | Found a large runed translucent door.
  9306 | Gauntlet | Found a large runed translucent door.
  9306 | Gauntlet | Found a large runed translucent door.
  9310 | Gauntlet | Found a transporter.
  9310 | Gauntlet | Found a transporter.
  9310 | Gauntlet | Noticed a death ooze
  9311 | Gauntlet | Found a large runed translucent door.
  9311 | Gauntlet | Found a large runed translucent door.
  9311 | Gauntlet | Found a large runed translucent door.
  9311 | Gauntlet | Found a large runed translucent door.
  9315 | Gauntlet | Found a runed translucent gate.
  9315 | Gauntlet | Found a runed translucent gate.
  9315 | Gauntlet | Found a runed translucent gate.
  9327 | Gauntlet | Noticed a death ooze
  9327 | Gauntlet | Noticed a dire elephant
  9330 | Gauntlet | Found the +2 hood of the Assassin {Detection Stab+ Stlth++}
  9330 | Gauntlet | Found a transporter.
  9330 | Gauntlet | Found a transporter.
  9330 | Gauntlet | Found a transporter.
  9333 | Gauntlet | Found a transporter.
  9360 | Gauntlet | Found a transporter.
  9367 | Gauntlet | Found a transporter.
  9376 | Gauntlet | Noticed a queen ant
  9385 | Gauntlet | Found a transporter.
  9407 | Gauntlet | Found a transporter.
  9452 | Gauntlet | Found a transporter.
  9456 | Gauntlet | Noticed a moth of wrath
  9468 | Gauntlet | Found a transporter.
  9568 | Gauntlet | Found a transporter.
  9583 | Gauntlet | Noticed a death scarab
  9589 | Gauntlet | Found a transporter.
  9866 | D:11     | Noticed a green ugly thing
  9889 | D:11     | Killed a green ugly thing
  9890 | D:11     | Reached skill level 10 in Polearms
 10090 | D:11     | Found a runed translucent gate.
 10091 | D:11     | Found a runed translucent gate.
 10097 | D:11     | Found a runed translucent gate.
 10098 | D:11     | Noticed robertstho's ghost (journeyman HOFi)
 10098 | D:11     | Noticed belegose's ghost (journeyman DrCj)
 10141 | D:11     | Found a staircase to the Orcish Mines.
 10190 | D:11     | Reached skill level 5 in Invocations
 10297 | D:11     | Received a gift from Okawaru
 10784 | Orc:1    | Entered Level 1 of the Orcish Mines
 10784 | Orc:1    | Noticed a stone giant
 10797 | D:11     | HP: 1/59 [stone giant (14)]
 10798 | D:11     | Mangled by a stone giant

Illustrated notes

Levels and vault maps discovered:
D:1:      lemuel_arrival_room, layout_basic, grunt_decor_resistance
D:2:      layout_loops_ring, okawaru_metal_pillars_1_2,
          lemuel_coloured_pillars_altar, uniq_natasha
D:3:      layout_basic, chequers_serial_rivers_micro_c, serial_bayou_lagoon_a
D:4:      layout_gridville, minmay_temple_entry_offerings,
          nicolae_ossuary_entry_ruins, uniq_duvessa
D:5:      layout_loops_ring, kennysheep_mini_moat,
          nicolae_dithmenos_through_a_glass_darkly, uniq_crazy_yiuf_cottage,
          uniq_grinder
D:6:      layout_basic, kennysheep_little_box, uniq_menkaure
D:7:      minmay_angry_zag, layout_loops_ring,
          grunt_temple_overflow_gold_and_silver, elyvilon_altar_3, serial_shops,
          nicolae_shop_overgrown_old_shop,
          nicolae_gozag_cash_rules_everything_around_me
D:8:      layout_loops_ring, nicolae_overflow_hidden_temple, dpeg_oklobed_lair
D:9:      layout_basic, grunt_temple_overflow_cloverleaf
D:10:     layout_roguey, uniq_gastronok, uniq_grum
D:11:     layout_basic, hiddenorc2_lemuel, serial_ice, serial_ice_c,
          serial_ice_g, serial_ice_l, serial_ice_a, serial_ice_h, serial_ice_e,
          serial_ice_n, gauntlet_entry_generic, gammafunk_ghost_cemetery,
          serial_shops, nicolae_shop_competitors_out_of_business,
          eino_tiny_chamber, kennysheep_small_spiral, hangedman_incinerator
Orc:1:    layout_caves

Skill      XL: |  1  2  3  4  5  6  7  8  9 10 11 |
---------------+----------------------------------+-----
Polearms       | 2 3 4 5 6 8 9 10 | 10.4
Fighting       | 3 4 5 6 7 |  7.7
Shields        | 3 4 5 6 7 |  7.7
Armour         | 3 4 5 6 7 |  7.0
Invocations    | 2 4 5 |  5.4

Action                   |  1- 3 |  4- 6 |  7- 9 | 10-12 || total
-------------------------+-------+-------+-------+-------++-------
Melee: Trident           |    97 |    13 |       |       ||   110
       Bite              |    15 |    46 |   129 |   182 ||   372
       Dagger            |       |   176 |   364 |   482 ||  1022
Invok: Heroism           |       |       |     1 |     5 ||     6
       Finesse           |       |       |       |     1 ||     1
Evoke: Wand              |       |       |     2 |       ||     2
  Use: Potion            |       |       |     2 |       ||     2
       Scroll            |       |       |       |    25 ||    25
Armor: Scale mail        |    40 |     4 |       |       ||    44
       Plate armour      |       |    88 |   143 |   207 ||   438
Dodge: Dodged            |    30 |    44 |    52 |    66 ||   192
Block: Kite shield       |    42 |    93 |   162 |   342 ||   639
       Reflection        |       |       |       |     8 ||     8

Table legend: (Time is in decaauts)
 A = Elapsed time spent in this place.
 B = Non-inter-level travel time spent in this place.
 C = Inter-level travel time spent in this place.
 D = Time resting spent in this place.
 E = Time spent auto-exploring this place.
 F = Levels seen in this place.
 G = Mean time per level.
                   A        B        C        D        E       F      G
               +--------+--------+--------+--------+--------+-----+--------+
         Total |  10856 |  10344 |    512 |    396 |   7310 |  14 |  775.4 |
       Dungeon |   9971 |   9459 |    512 |    274 |   6897 |  11 |  906.5 |
  Orcish Mines |      1 |      1 |      0 |      0 |      0 |   1 |    1.0 |
       Ossuary |    413 |    413 |      0 |    122 |    108 |   1 |  413.0 |
      Gauntlet |    469 |    469 |      0 |      0 |    305 |   1 |  469.0 |
               +--------+--------+--------+--------+--------+-----+--------+

Top non-repeatable levels by time:
    D:11: 1405 daAuts
     D:6: 1192 daAuts
     D:1: 1025 daAuts
     D:9: 978 daAuts
     D:2: 950 daAuts
     D:5: 895 daAuts
     D:7: 769 daAuts
    D:10: 712 daAuts
     D:3: 705 daAuts
     D:4: 686 daAuts
     D:8: 649 daAuts
Gauntlet: 469 daAuts
 Ossuary: 413 daAuts
   Orc:1: 1 daAuts
